 Dungeon Crawl Stone Soup version 0.29.0-4-gdea44cf6ec (webtiles) character file.

Game seed: 13644328472413055093

65 qw the Chopper (level 3, -1/31 HPs)
             Began as a Minotaur Fighter on Sept 5, 2022.
             Slain by a gnoll
             ... wielding a +0 halberd
              (5 damage)
             ... on level 4 of the Dungeon.
             The game lasted 00:00:57 (3072 turns).

qw the Chopper (Minotaur Fighter)                   Turns: 3072, Time: 00:00:58

Health: -1/31      AC: 10    Str: 22    XL:     3   Next: 94%
Magic:  2/2        EV:  7    Int:  5    God:
Gold:   151        SH:  4    Dex:  9    Spells: 2/2 levels left

rFire   + . .      SeeInvis .   Y - +1 war axe
rCold   . . .      Faith    .   c - +0 buckler
rNeg    . . .      Spirit   .   g - +0 chain mail
rPois   +          Reflect  .   (helmet restricted)
rElec   .          Harm     .   (no cloak)
rCorr   .          Rampage  .   b - +0 pair of gloves
Will    .....                   (no boots)
Stlth   ..........              (no amulet)
HPRegen 0.10/turn               a - ring of poison resistance
MPRegen 0.08/turn               m - ring of protection from fire

@: about to teleport
A: horns 2, retaliatory headbutt
a: no special abilities


You were on level 4 of the Dungeon.
You visited 1 branch of the dungeon, and saw 4 of its levels.

You collected 151 gold pieces.


Innate Abilities, Weirdness & Mutations

You have a pair of horns on your head.
You reflexively headbutt those who attack you in melee.


   Skills:
 - Level 3.6 Fighting
 + Level 5.2 Axes
 - Level 3.6 Armour
 - Level 3.6 Shields


You had 2 spell levels left.
You didn't know any spells.
Your spell library was empty.

Inventory:

Hand Weapons
 f - a +4 mace of protection
 Y - a +1 war axe (weapon)
Armour
 b - a +0 pair of gloves (worn)
 c - a +0 buckler (worn)
 g - a +0 chain mail (worn)
Jewellery
 a - a ring of poison resistance (left hand)
 m - a ring of protection from fire (right hand)
Scrolls
 k - a scroll of identify
Potions
 d - a potion of might
 i - a potion of ambrosia {unknown}
 j - a potion of invisibility {unknown}
 l - a potion of heal wounds {unknown}
 n - a potion of attraction {unknown}
 p - a potion of mutation {unknown}

Dungeon Overview and Level Annotations

Branches:
Dungeon (4/15)
 Temple: D:4-7

Altars:
Ashenzari

Shops:
D:2 (


Message History

HP restored.
Done exploring.
3053 ||| DROPPING 3 scrolls of torment.
You drop 3 scrolls of torment.
Done exploring.
(D) Dungeon
Where to? (* - list waypoints, Enter - D:3, ? - help)
What level of the Dungeon? (default 1, ? - help)
There is a stone staircase leading down here.
You climb downwards.
The gnoll shouts! x2
There is a stone staircase leading up here.
There are monsters nearby!
Existing waypoints: (1) D:2 (2) D:3 Assign waypoint to what number? (0-9, D - delete waypoint) Waypoint 1 re-assigned from D:2 to D:4.
The gnoll hits you with a +4 spear. You block the gnoll's attack.
You barely miss the gnoll. You headbutt the gnoll.
The gnoll is lightly wounded.
The gnoll hits you with a +4 spear.
The gnoll hits you from afar with a +0 halberd.
You barely miss the gnoll.
The gnoll is lightly wounded.
The gnoll hits you with a +4 spear. The gnoll hits you but does no damage.
You hit the gnoll.
The gnoll is heavily wounded.
You closely miss the gnoll.
The gnoll hits you from afar with a +0 halberd.
The gnoll hits you with a +0 flail. The gnoll hits you with a +4 spear.
3071 ||| READING scroll of teleportation.
As you read the scroll of teleportation, it crumbles to dust.
You feel strangely unstable. The gnoll barely misses you.
You furiously retaliate!
You headbutt the gnoll. The gnoll barely misses you.
The gnoll hits you with a +0 flail.
You hit the gnoll.
You kill the gnoll!
You barely miss the gnoll. You block the gnoll's attack.
The gnoll hits you from afar with a +0 halberd.
You die...

##+##
##...##
##.....##
##....<..##
#.........#
+....@....+
#...g)....#
##..g....##
##.....##
##...##
##... #..#
#..#


You could see 2 gnolls.

Vanquished Creatures
  A gnoll (D:4)
  2 adders (D:2)
  A dart slug (D:3)
  5 ball pythons
  6 endoplasms
  2 giant cockroaches (D:1)
  3 hobgoblins
  8 kobolds
  2 quokkas
  6 bats
  3 frilled lizards
  3 goblins
  A rat (D:1)
43 creatures vanquished.

Vanquished Creatures (others)
  2 plants (D:1)
2 creatures vanquished.

Grand Total: 45 creatures vanquished

Notes
Turn   | Place    | Note
-------+----------+-------------------------------------------
     0 | D:1      | qw the Minotaur Fighter began the quest for the Orb.
     0 | D:1      | Reached XP level 1. HP: 19/19 MP: 0/0
     0 | D:1      | 0 ||| qw: Version: 0.1-a-104-g96f76f8
     0 | D:1      | 0 ||| qw: Game counter: 5810
     0 | D:1      | 0 ||| qw: Always use a shield: true
     0 | D:1      | 0 ||| qw: God list: Ru
     0 | D:1      | 0 ||| qw: Allow faded altars: false
     0 | D:1      | 0 ||| qw: Do Orc after D:15 true
     0 | D:1      | 0 ||| qw: Do second Lair branch before Depths: true
     0 | D:1      | 0 ||| qw: Lair rune preference: random
     0 | D:1      | 0 ||| qw: Plans: Normal
     0 | D:1      | 0 ||| PLANNING D:1-11
    58 | D:1      | Reached skill level 3 in Axes
   124 | D:1      | Reached XP level 2. HP: 26/26 MP: 1/1
   394 | D:1      | Reached skill level 4 in Axes
   862 | D:1      | 862 ||| READING scroll labelled WEETWE WAK XOUL.
   863 | D:1      | 863 ||| READING scroll labelled XIBBEPNAVIP.
   864 | D:1      | 864 ||| READING scroll labelled OTTUAT KIAH.
   905 | D:2      | Found Gech's Antique Weapon Boutique.
   909 | D:2      | 909 ||| SHOPLISTING runed hand axe (144 gold, have 35).
   909 | D:2      | 909 ||| SHOPLISTING runed mace (144 gold, have 35).
   909 | D:2      | 909 ||| SHOPLISTING steaming war axe (204 gold, have 35).
  1080 | D:2      | Reached XP level 3. HP: 31/31 MP: 2/2
  1917 | D:2      | 1917 ||| UPGRADING to +0 chain mail.
  1927 | D:2      | 1927 ||| DROPPING +0 scale mail.
  1928 | D:2      | 1928 ||| DROPPING amulet of magic regeneration.
  1929 | D:2      | 1929 ||| UPGRADING to ring of poison resistance.
  1930 | D:2      | 1930 ||| UPGRADING to ring of protection from fire.
  1931 | D:2      | 1931 ||| READING scroll labelled RAPUFUYMIU.
  2032 | D:2      | 2032 ||| READING 2 scrolls labelled GOEHINUOVO.
  2037 | D:2      | 2037 ||| DRINKING 2 fuming silvery potions.
  2038 | D:2      | 2038 ||| DROPPING potion of brilliance.
  2069 | D:3      | Reached skill level 5 in Axes
  2320 | D:3      | Found a broken altar of Ashenzari.
  2498 | D:3      | Found a faded altar of an unknown god.
  2910 | D:3      | 2910 ||| UPGRADING to +0 pair of gloves.
  2915 | D:3      | 2915 ||| READING scroll labelled MORIGR ESOKK.
  2916 | D:3      | 2916 ||| READING 2 scrolls labelled FAURUE TUEZ.
  2917 | D:3      | 2917 ||| READING 4 scrolls labelled WEOQEU LIAGEN.
  3053 | D:3      | 3053 ||| DROPPING 3 scrolls of torment.
  3070 | D:4      | HP: 7/31 [gnoll/+4 spear (6)]
  3071 | D:4      | 3071 ||| READING scroll of teleportation.
  3072 | D:4      | Slain by a gnoll

Levels and vault maps discovered:
D:1:      spicycebolla_arrival_clurvy, layout_basic
D:2:      layout_basic, serial_shops, nicolae_shop_hallway_stairs, moated_statue
D:3:      layout_basic, mainiacjoe_overflow_cross_hatched,
          dilly_ecumenical_altar_fadedgnrine, minmay_fountain_box
D:4:      layout_loops_corners, gammafunk_temple_overflow_arena

Skill      XL: |  1  2  3 |
---------------+----------+-----
Axes           | 3 4 5 |  5.2
Fighting       | |  3.6
Armour         | |  3.6
Shields        | |  3.6

Action                   || total
-------------------------++-------
Melee: War axe           ||    98
       Headbutt          ||    11
  Use: Scroll            ||     9
       Potion            ||     1
Armor: Scale mail        ||    35
       Chain mail        ||    13
Dodge: Dodged            ||    36
Block: Buckler           ||    16

Table legend:
 A = Non-vault XP
 B = Vault XP
 C = Vault XP percentage of total XP
 D = Non-vault monster count
 E = Vault monster count
 F = Vault count percentage of total count
                 A         B        C        D         E       F
            +---------+---------+-------+---------+---------+-------
      Total |     108 |       0 |   0.0 |      43 |       0 |   0.0
            +---------+---------+-------+---------+---------+-------
        D:1 |      36 |       0 |   0.0 |      22 |       0 |   0.0
        D:2 |      37 |       0 |   0.0 |      10 |       0 |   0.0
        D:3 |      21 |       0 |   0.0 |      10 |       0 |   0.0
        D:4 |      14 |       0 |   0.0 |       1 |       0 |   0.0
            +---------+---------+-------+---------+---------+-------
